 Dungeon Crawl Stone Soup version 0.26-a0-812-g31a745ddcd (webtiles) character file.

Game seed: 15849634011938345475

142774 Arthanis the Severer (level 17, -9/115 HPs)
             Began as a Gargoyle Berserker on Nov 15, 2020.
             Was the Champion of Trog.
             Mangled by an alligator (10 damage)
             ... called by a spriggan druid
             ... on level 3 of the Swamp.
             The game lasted 00:40:06 (25336 turns).

Arthanis the Severer (Gargoyle Berserker)          Turns: 25336, Time: 00:40:07

Health: -9/115     AC: 40    Str: 21    XL:     17   Next: 36%
Magic:  17/17      EV:  9    Int: 15    God:    Trog [******]
Gold:   2071       SH:  5    Dex:  9    Spells: 16/16 levels left

rFire    . . .     SeeInvis +   k - +5 executioner's axe (flame)
rCold    + . .     Faith    .   (shield currently unavailable)
rNeg     + . .     Spirit   .   a - +1 plate armour {rC+}
rPois    ∞         Reflect  +   h - +0 helmet {SInv}
rElec    +         Harm     .   W - +0 cloak {MR+}
rCorr    .         Rampage  .   O - +2 pair of gloves
MR       ++++.                  J - +2 pair of boots
Stlth    ..........             H - amulet of reflection
HPRegen  1.29/turn              t - +4 ring of slaying
MPRegen  0.15/turn              i - +4 ring of protection

@: about to teleport, corroded, berserk cooldown, regenerating (expiring),
slowed, studying Armour, very slow
A: big wings, negative energy resistance 1, electricity resistance, unbreathing,
petrification resistance, rot immunity, AC +12
a: Fly, Berserk, Trog's Hand, Brothers in Arms, Renounce Religion


You were on level 3 of the Swamp.
You worshipped Trog.
Trog was exalted by your worship.
You visited 4 branches of the dungeon, and saw 26 of its levels.
You also visited: Ossuary.

You collected 3048 gold pieces.
You spent 977 gold pieces at shops.

Inventory:

Hand Weapons
 b - a +4 mace of freezing
 f - a +2 broad axe of freezing
 k - a +5 executioner's axe of flaming (weapon)
 m - a +1 antimagic hand axe
 s - a +3 spear
 u - a +1 broad axe of venom
Armour
 a - a +1 plate armour of cold resistance (worn)
 h - a +0 helmet of see invisible (worn)
 p - the +2 shield of Resistance {rF++ rC++ MR++}
   (You acquired it on level 12 of the Dungeon)

   It greatly protects you from fire.
   It greatly protects you from cold.
   It affects your resistance to hostile enchantments.
 J - a +2 pair of boots (worn)
 O - a +2 pair of gloves (worn)
 W - a +0 cloak of magic resistance (worn)
Jewellery
 i - a +4 ring of protection (right hand)
 t - a +4 ring of slaying (left hand)
 A - an uncursed ring of see invisible
 H - an amulet of reflection (around neck)
 S - the ring "Saolit" {rCorr Int+7}
   (You found it on level 7 of the Dungeon)

   [ring of resist corrosion]

   It affects your intelligence (+7).
   It provides partial protection from all sources of acid and corrosion.
Wands
 q - a wand of acid (32)
 y - a wand of flame (29)
 Q - a wand of paralysis (14)
 R - a wand of iceblast (20)
Scrolls
 c - 4 scrolls of vulnerability
 d - 13 scrolls of teleportation
 n - a scroll of fog
 o - 9 scrolls of magic mapping
 r - 5 scrolls of enchant armour
 w - 2 scrolls of brand weapon
 x - 3 scrolls of remove curse
 F - 2 scrolls of fear
 L - 4 scrolls of enchant weapon
 N - 4 scrolls of blinking
 P - 3 scrolls of immolation
 T - 5 scrolls of summoning
Potions
 e - 6 potions of lignification
 g - a potion of resistance {unknown}
 j - 5 potions of brilliance
 l - 9 potions of heal wounds
 v - 4 potions of attraction
 z - 16 potions of curing
 B - 6 potions of mutation
 C - 2 potions of haste {unknown}
 D - 3 potions of cancellation {unknown}
 E - 3 potions of magic {unknown}
 G - 4 potions of flight {unknown}
 I - 3 potions of might
 K - 2 potions of degeneration {unknown}
 M - 2 potions of berserk rage
 U - 3 potions of invisibility {unknown}
 Z - 2 potions of ambrosia {unknown}
Books
 X - a manual of Armour


   Skills:
 + Level 16.0 Fighting
 * Level 19.9 Axes
 + Level 13.2 Armour
 + Level 5.4 Dodging
 - Level 6.0 Shields
 + Level 10.0 Evocations


You had 16 spell levels left.
You didn't know any spells.
Your spell library contained the following spells:

 Spells                   Type           Power        Failure   Level
 Beastly Appendage        Tmut           #.....       97%         1
 Magic Dart               Conj           #...         97%         1
 Sandblast                Erth           #.....       97%         1
 Blink                    Tloc           N/A          99%         2
 Call Imp                 Summ           #.......     99%         2
 Slow                     Hex            #.......     99%         2
 Wereblood                Tmut           #.......     99%         2
 Confusing Touch          Hex            #.......     100%        3
 Conjure Flame            Conj/Fire      #.......     100%        3
 Gell's Gravitas          Tloc           #.........   100%        3
 Ignite Poison            Fire/Tmut/Pois #.......     100%        3
 Mephitic Cloud           Conj/Pois/Air  #.......     100%        3
 Spider Form              Tmut/Pois      #.........   100%        3
 Fulminant Prism          Conj/Hex       #.........   100%        4
 Ice Form                 Ice/Tmut       #.......     100%        4
 Petrify                  Tmut/Erth      #.......     100%        4
 Summon Lightning Spire   Summ/Air       #.......     100%        4
 Blade Hands              Tmut           #.........   100%        5
 Fireball                 Conj/Fire      #.........   100%        5
 Irradiate                Conj/Tmut      #.........   100%        5
 Metabolic Englaciation   Hex/Ice        #.........   100%        5
 Silence                  Hex/Air        #.........   100%        5
 Yara's Violent Unravell  Hex/Tmut       #.........   100%        5
 Conjure Ball Lightning   Conj/Air       #.........   100%        6
 Starburst                Conj/Fire      #.........   100%        6
 Ignition                 Fire           #.........   100%        8
 Tornado                  Air            #.........   100%        9


Dungeon Overview and Level Annotations

Branches:
Dungeon (15/15)            Temple (0/1) D:4            Lair (6/6) D:8
  Swamp (3/4) Lair:3        Snake (0/4) Lair:2        Slime (0/5) Lair:6
    Orc (2/2) D:9             Elf (0/3) Orc:2        Vaults (0/5) D:13
 Depths (0/5) D:15        Ossuary (visited)

Altars:
Cheibriados
Dithmenos
Elyvilon
Fedhas
Gozag
Kikubaaqudgha
Nemelex Xobeh
Okawaru
Qazlal
Ru
Uskayaw
Vehumet
Wu Jian
Zin
The Shining One

Shops:
D:9 (   Orc:1 *   Orc:2 ?(}[

Portals:
Trove: D:15 (give +2 storm dragon scales)

Annotations:
Lair:2 exclusion: 3 oklob plants
Lair:6 exclusion: 2 oklob plants


Innate Abilities, Weirdness & Mutations

You are resistant to torment.
Your stone body is resilient. (AC +12)
You are immune to poison.
Your large and strong wings let you fly indefinitely.
You resist negative energy. (rN+)
You are resistant to electric shocks. (rElec)
You can survive without breathing.
You are immune to petrification.
You are immune to rotting.


Message History

The eleionoma touches a tree and draws upon its vitality.
The eleionoma is healed.
The goliath frog hits you but does no damage.
The alligator bites you.
* * * LOW HITPOINT WARNING * * *
The alligator completely misses you. The tyrant leech bites you.
* * * LOW HITPOINT WARNING * * *
The alligator bites you but does no damage.
The alligator tail-slaps you but does no damage.
The eleionoma splashes around in the water.
The goliath frog hits you from afar!
* * * LOW HITPOINT WARNING * * *
The acid corrodes you!
You are splashed with acid!
* * * LOW HITPOINT WARNING * * *
The bog body touches you but does no damage.
The goliath frog hits you but does no damage.
The eleionoma hits you but does no damage.
The alligator bites you but does no damage.
The alligator tail-slaps you!
You die...

♣♣♣♣♣ ♣≈≈♣♣♣♣ ♣♣(..♣♣
.≈≈.≈♣ ♣♣ ♣♣..≈≈.♣♣
≈≈≈.≈ ≈≈. ♣.)≈≈≈..♣
≈...♣♣≈.. ♣♣.[≈†<≈.♣
♣.≈≈..... ..≈)≈♣.≈≈♣
♣♣♣..≈§≈..≈ ≈≈≈♣♣♣≈≈≈♣
♣.≈...≈.≈♣ ≈.♣♣♣♣♣≈.♣
♣♣♣♣R@†...♣
≈.♣...♣.[♣♣♣≈≈Ftn.≈≈.♣
....(..≈≈..<..§tw≈≈≈....
≈≈≈.<.≈.≈....≈≈≈w≈≈≈....
≈≈≈..≈≈.....≈≈§≈≈≈≈≈.≈≈♣
≈≈≈≈≈≈≈.≈≈.≈≈≈≈≈≈.♣♣..♣
≈≈≈≈≈≈≈.≈≈≈≈≈≈≈.♣♣♣ ♣♣♣
≈≈≈≈≈≈≈≈≈≈≈≈≈≈≈≈≈.
≈≈≈≈≈≈≈.≈..§≈≈≈.^≈≈


You could see an eleionoma, 2 alligators, a tyrant leech (strong), a goliath
frog (strong), a bog body and a swamp worm (strong).

Vanquished Creatures
  A tentacled monstrosity (Swamp:2)
  Jorgrun (Orc:1)
  Frances (Swamp:1)
  A storm dragon (Swamp:1)
  A very ugly thing (D:15)
  Nessos (D:15)
  3 bunyips
  2 fire dragons (D:15)
  5 eleionomae
  Josephine (Swamp:1)
  Harold (D:7)
  8 hydras
  3 centaur warriors
  5 ghost crabs (Swamp:1)
  Erica (D:9)
  A boulder beetle (D:11)
  25 two-headed ogres
  4 alligators
  5 ogre magi
  4 death yaks (Lair:6)
  A queen ant (Lair:2)
  A tengu warrior (D:15)
  5 goliath frogs
  Sonja (D:11)
  A sea snake (shapeshifter) (D:13)
  7 spriggan druids
  3 skeletal warriors (D:14)
  6 swamp dragons
  Pikel (D:7)
  A deep elf mage (D:14)
  An orc knight (Orc:1)
  2 cyclopes
  2 will-o-the-wisps (Swamp:1)
  12 ugly things
  4 manticores
  A faun (shapeshifter) (D:13)
  2 apocalypse crabs (Swamp:1)
  Maggie (D:8)
  2 centaur skeletons
  7 black mambas
  2 gargoyles (D:14)
  3 rime drakes
  31 cane toads
  10 komodo dragons
  A kobold demonologist (D:15)
  A redback zombie (D:14)
  An efreet (D:15)
  A meliai (shapeshifter) (D:13)
  2 tengu conjurers (D:15)
  2 trolls
  6 tyrant leeches
  6 hornets
  2 polar bears
  14 slime creatures
  28 blink frogs
  2 water elementals (D:15)
  11 spriggans
  A shadow (D:13)
  9 wraiths
  12 wyverns
  41 yaks
  4 basilisks
  A steam dragon (D:8)
  16 vampire mosquitoes
  A harpy simulacrum (D:15)
  8 swamp worms
  A warg (Orc:1)
  8 soldier ants
  An acid dragon (D:14)
  21 water moccasins
  6 nagas (Lair:2)
  19 orc warriors
  5 sky beasts
  2 swamp drakes
  An eye of draining (D:11)
  3 ice beasts
  A boggart (D:14)
  6 wolves
  2 phantoms
  8 centaurs
  39 ogres
  41 bullfrogs
  2 big kobolds
  9 scorpions
  A water moccasin skeleton (D:12)
  11 killer bees
  6 howler monkeys
  27 wights
  3 centaur zombies
  A bullfrog zombie (D:9)
  5 hounds
  Crazy Yiuf (D:7)
  16 orc priests
  A bullfrog skeleton (D:10)
  5 jellies
  Jessica (D:2)
  A gnoll shaman (D:4)
  12 iguanas
  30 worker ants
  25 orc wizards
  A big kobold zombie (Ossuary)
  A hound skeleton (D:6)
  3 mummies (Ossuary)
  2 worker ant zombies
  13 adders
  5 gnolls (D:4)
  3 scorpion zombies (Ossuary)
  3 shadow imps
  2 white imps
  3 ufetubi
  An adder skeleton (D:5)
  An adder zombie (D:5)
  4 worms
  3 dart slugs (D:1)
  6 leopard geckos
  79 orcs
  4 giant cockroaches
  2 gnoll zombies (Ossuary)
  5 goblins
  12 hobgoblins
  10 jackals
  18 kobolds
  5 quokkas
  10 bats
  A frilled lizard (D:1)
  2 goblin zombies (Ossuary)
  3 hobgoblin zombies (Ossuary)
  2 kobold zombies (Ossuary)
  2 leopard gecko skeletons
  2 orc zombies (Ossuary)
  A quokka skeleton (D:7)
  6 rats
887 creatures vanquished.

Vanquished Creatures (collateral kills)
  Louise (Swamp:1)
  A slime creature (D:13)
  A swamp worm (Swamp:1)
  A centaur (D:10)
  A wight (D:10)
5 creatures vanquished.

Vanquished Creatures (others)
  An unseen horror (D:14)
  An apocalypse crab (Swamp:1)
  A tengu conjurer (D:15)
  A bloated husk (Swamp:1)
  A scorpion (Ossuary)
  An orc (Orc:2)
  A kobold (D:10)
  A bush (D:8)
  6 foxfires (Swamp:1)
  40 fungi
  91 plants
145 creatures vanquished.

Grand Total: 1037 creatures vanquished

Notes
Turn   | Place    | Note
-------+----------+-------------------------------------------
     0 | D:1      | Arthanis the Gargoyle Berserker began the quest for the
                  | Orb.
     0 | D:1      | Reached XP level 1. HP: 14/14 MP: 1/1
   362 | D:1      | Reached XP level 2. HP: 18/19 MP: 2/2
   446 | D:1      | Reached skill level 3 in Axes
   623 | D:1      | Reached XP level 3. HP: 20/23 MP: 3/3
   972 | D:1      | Reached ** piety under Trog
  1481 | D:2      | Reached XP level 4. HP: 24/29 MP: 4/4
  1580 | D:2      | Found a faded altar of an unknown god.
  1640 | D:2      | Noticed Jessica
  1649 | D:2      | Killed Jessica
  2046 | D:3      | Reached *** piety under Trog
  2070 | D:3      | Reached XP level 5. HP: 17/33 MP: 5/5
  2267 | D:3      | Reached skill level 4 in Axes
  2313 | D:3      | Found an opulent altar of Gozag.
  2352 | D:3      | Found a radiant altar of Vehumet.
  2352 | D:3      | Found an ornate altar of the Wu Jian Council.
  2352 | D:3      | Found a snail-covered altar of Cheibriados.
  2352 | D:3      | Found a stormy altar of Qazlal.
  2360 | D:3      | Found a glowing silver altar of Zin.
  2377 | D:3      | Found a hide-covered altar of Uskayaw.
  2773 | D:3      | Found an iron altar of Okawaru.
  2968 | D:4      | Found a staircase to the Ecumenical Temple.
  2985 | D:4      | Reached XP level 6. HP: 39/39 MP: 6/6
  3094 | D:4      | Found a sand-covered staircase.
  3119 | Ossuary  | Entered an ossuary
  3201 | Ossuary  | Reached skill level 5 in Axes
  3259 | Ossuary  | Reached skill level 5 in Fighting
  3259 | Ossuary  | Reached XP level 7. HP: 37/44 MP: 7/7
  3407 | Ossuary  | Reached **** piety under Trog
  4037 | D:4      | Found a sacrificial altar of Ru.
  4042 | D:4      | Reached skill level 6 in Axes
  4042 | D:4      | Reached skill level 5 in Armour
  4707 | D:5      | Entered Level 5 of the Dungeon
  4733 | D:5      | Reached XP level 8. HP: 51/51 MP: 8/8
  5312 | D:6      | Reached skill level 7 in Axes
  5614 | D:6      | Reached XP level 9. HP: 56/56 MP: 9/9
  5884 | D:7      | Found a glowing golden altar of the Shining One.
  5916 | D:7      | Found an ancient bone altar of Kikubaaqudgha.
  5922 | D:7      | Reached skill level 8 in Axes
  5975 | D:7      | Found a sparkling altar of Nemelex Xobeh.
  6207 | D:7      | Got a flickering granite ring
  6210 | D:7      | Identified the ring "Saolit" {rCorr Int+7} (You found it on
                  | level 7 of the Dungeon)
  6257 | D:7      | Reached ***** piety under Trog
  6257 | D:7      | Reached skill level 1 in Shields
  6297 | D:7      | Noticed Harold
  6303 | D:7      | Reached skill level 1 in Evocations
  6314 | D:7      | Killed Harold
  6572 | D:7      | Noticed Pikel
  6584 | D:7      | Killed Pikel
  6584 | D:7      | Reached skill level 9 in Axes
  6584 | D:7      | Reached XP level 10. HP: 64/64 MP: 10/10
  6909 | D:7      | Found a runed translucent door.
  6910 | D:7      | Noticed Crazy Yiuf
  6916 | D:7      | Killed Crazy Yiuf
  7069 | D:8      | Noticed Maggie
  7084 | D:8      | Killed Maggie
  7296 | D:8      | Noticed a manticore
  7304 | D:8      | Killed a manticore
  7689 | D:8      | Reached skill level 10 in Axes
  7964 | D:9      | Noticed Erica
  7983 | D:9      | Killed Erica
  7983 | D:9      | Reached skill level 11 in Axes
  7983 | D:9      | Reached XP level 11. HP: 71/71 MP: 11/11
  8074 | D:8      | Found a staircase to the Lair.
  8436 | D:8      | Received a gift from Trog
  8664 | D:9      | Found a staircase to the Orcish Mines.
  8776 | D:9      | Found Saxuirgh's Antique Weapon Emporium.
  8962 | D:9      | Reached skill level 10 in Fighting
  9397 | D:10     | Entered Level 10 of the Dungeon
  9528 | D:10     | Noticed a two-headed ogre
  9541 | D:10     | Killed a two-headed ogre
  9569 | D:10     | Reached skill level 12 in Axes
 10902 | D:11     | Noticed Sonja
 10907 | D:11     | Killed Sonja
 11034 | D:11     | Reached XP level 12. HP: 79/79 MP: 12/12
 11067 | D:11     | Noticed a boulder beetle
 11096 | D:11     | Killed a boulder beetle
 11859 | D:12     | Identified 2 scrolls of acquirement
 11860 | D:12     | Acquired the +2 shield of Resistance {rF++ rC++ MR++}
 11861 | D:12     | Found the +2 shield of Resistance {rF++ rC++ MR++}
 11861 | D:12     | Acquired a manual of Axes
 12188 | D:12     | Received a gift from Trog
 12355 | D:12     | Reached skill level 13 in Axes
 12477 | D:12     | Found a shadowy altar of Dithmenos.
 12663 | D:13     | Noticed a centaur warrior
 12670 | D:13     | Killed a centaur warrior
 13194 | D:13     | Found a gate to the Vaults.
 13232 | D:13     | Reached skill level 5 in Shields
 13289 | D:13     | Reached skill level 5 in Evocations
 13402 | D:13     | Reached skill level 14 in Axes
 13573 | D:14     | Reached XP level 13. HP: 85/85 MP: 13/13
 13734 | D:14     | Reached ****** piety under Trog
 13734 | D:14     | Reached skill level 15 in Axes
 13750 | D:14     | Got a smoking falchion
 13962 | D:14     | Received a gift from Trog
 14219 | D:15     | Entered Level 15 of the Dungeon
 14288 | D:15     | Reached skill level 10 in Armour
 14365 | D:15     | Found a portal to a secret trove of treasure.
 14440 | D:15     | Reached skill level 16 in Axes
 14550 | D:15     | Identified the cursed +0 falchion "Ciedd" {vamp, rElec MR+
                  | Str+2} (You found it on level 14 of the Dungeon)
 14590 | D:15     | Noticed Nessos
 14596 | D:15     | Gained mutation: Your large and strong wings let you fly
                  | indefinitely. [Gargoyle growth]
 14596 | D:15     | Reached XP level 14. HP: 76/92 MP: 14/14
 14607 | D:15     | Killed Nessos
 14681 | D:15     | Reached skill level 17 in Axes
 14952 | D:15     | Found a staircase to the Depths.
 15081 | D:15     | Noticed a brown very ugly thing
 15097 | D:15     | Killed a brown very ugly thing
 15307 | D:15     | Found a shadowy altar of Dithmenos.
 15551 | Orc:1    | Entered Level 1 of the Orcish Mines
 15726 | Orc:1    | Noticed Jorgrun
 15747 | Orc:1    | Killed Jorgrun
 15776 | Orc:1    | Found Renul's General Store.
 15811 | Orc:1    | Bought a potion of berserk rage for 85 gold pieces
 15811 | Orc:1    | Bought a scroll of magic mapping for 59 gold pieces
 15811 | Orc:1    | Bought a scroll of identify for 34 gold pieces
 15811 | Orc:1    | Bought a +1 broad axe of venom for 200 gold pieces
 16076 | Orc:2    | Entered Level 2 of the Orcish Mines
 16213 | Orc:2    | Received a gift from Trog
 16218 | Orc:2    | Reached XP level 15. HP: 100/100 MP: 15/15
 16227 | Orc:2    | Reached skill level 18 in Axes
 16335 | Orc:2    | Found Miofutri's Magic Scroll Emporium.
 16366 | Orc:2    | Found Oduqiyda's Gadget Shop.
 16367 | Orc:2    | Found Gomu's Antique Weapon Shop.
 16367 | Orc:2    | Found Dyorphitu's Antique Armour Shoppe.
 16374 | Orc:2    | Bought a scroll of identify for 28 gold pieces
 16374 | Orc:2    | Bought a scroll of noise for 14 gold pieces
 16374 | Orc:2    | Bought a scroll of identify for 28 gold pieces
 16374 | Orc:2    | Bought a scroll of magic mapping for 49 gold pieces
 16378 | Orc:2    | Bought a glowing cloak for 240 gold pieces
 16378 | Orc:2    | Bought a runed helmet for 240 gold pieces
 16727 | Orc:2    | Found a staircase to the Elven Halls.
 16856 | Lair:1   | Entered Level 1 of the Lair of Beasts
 17972 | Lair:2   | Found a staircase to the Snake Pit.
 18647 | Lair:3   | Received a gift from Trog
 18812 | Lair:3   | Found a staircase to the Swamp.
 19662 | Lair:4   | Found a blossoming altar of Fedhas.
 20040 | Lair:5   | Identified the Almanac of Excruciating Stones
 20069 | Lair:5   | Acquired a manual of Armour
 20707 | Lair:5   | Found the +8 whip "Snakebite" {curare, rPois}
 20900 | Lair:6   | Entered Level 6 of the Lair of Beasts
 20966 | Lair:6   | Reached skill level 15 in Fighting
 20980 | Lair:6   | Reached skill level 19 in Axes
 20987 | Lair:6   | Reached XP level 16. HP: 74/108 MP: 16/16
 21067 | Lair:6   | Received a gift from Trog
 21959 | Lair:6   | Found a staircase to the Slime Pits.
 22083 | Swamp:1  | Entered Level 1 of the Swamp
 22085 | Swamp:1  | Noticed Frances
 22112 | Swamp:1  | Killed Frances
 22366 | Swamp:1  | Found a runed translucent door.
 22476 | Swamp:1  | Found a white marble altar of Elyvilon.
 22505 | Swamp:1  | Noticed Louise
 22516 | Swamp:1  | Killed Louise
 22528 | Swamp:1  | Received a gift from Trog
 22532 | Swamp:1  | Got a twisted battleaxe {god gift}
 22533 | Swamp:1  | Identified the +4 battleaxe "Ytsoaz" {vorpal, rN+} (Trog
                  | gifted it to you on level 1 of the Swamp)
 22639 | Swamp:1  | Noticed Josephine
 22648 | Swamp:1  | Killed Josephine
 23712 | Swamp:1  | Noticed a storm dragon
 23720 | Swamp:1  | Killed a storm dragon
 23895 | Swamp:2  | Reached XP level 17. HP: 79/114 MP: 17/17
 24482 | Swamp:2  | Reached skill level 5 in Dodging
 24871 | Swamp:2  | Noticed a tentacled monstrosity
 24894 | Swamp:2  | Killed a tentacled monstrosity
 25224 | Swamp:3  | Reached skill level 10 in Evocations
 25326 | Swamp:3  | Received a gift from Trog
 25336 | Swamp:3  | HP: 1/115 [acid[a spriggan druid] (8)]
 25336 | Swamp:3  | Mangled by an alligator

Illustrated notes

Levels and vault maps discovered:
D:1:      dpeg_arrival_boxes_within_box, layout_basic
D:2:      minmay_general_purpose_star, layout_basic,
          chequers_ecumenical_altar_twisty, uniq_jessica
D:3:      layout_rooms, grunt_gozag_breadcrumbs, minmay_overflow_temple_hex,
          okawaru_metal_pillars_3
D:4:      layout_layer_cave, minmay_temple_entry_butterflies, enter_ossuary_1,
          nicolae_ru_great_annihilating_truth
D:5:      layout_rooms
D:6:      layout_cave_pools
D:7:      kennysheep_six_static_rooms, layout_basic, lemuel_doored_altar,
          grunt_temple_overflow_open, uniq_pikel, uniq_harold,
          uniq_crazy_yiuf_cottage
D:8:      layout_loops_cross, minmay_lair_entry_grove, uniq_maggie
D:9:      layout_roguey, erik_orc_3, serial_shops, shop, corner_web_ring,
          uniq_erica
D:10:     layout_gridville
D:11:     layout_basic, uniq_sonja
D:12:     layout_loops_ring, grunt_dithmenos_shadows
D:13:     layout_basic, david_vaults_2
D:14:     layout_rooms, serial_curves, eino_curves_02, eino_curves_01,
          minivault_25_ag
D:15:     grunt_enter_depths_hoard, layout_cave_pools,
          lemuel_coloured_pillars_altar, enter_trove_2, kennysheep_inner_square,
          uniq_nessos
Lair:1:   layout_roguey
Lair:2:   layout_regular_city, minmay_snake_entry_guardpost_medium, st_stairs_3,
          minmay_another_anthill, minmay_lair_oklob_chamber
Lair:3:   layout_misc_corridors, minmay_swamp_entry_reptiles,
          infiniplex_staircase_pool_2
Lair:4:   layout_roguey, basic_altar, st_stairs_9
Lair:5:   minmay_guarded_unrand_snakebite, layout_gridlike, grunt_megastairs_1
Lair:6:   minmay_lair_end_frog_pond, layout_layer_cave,
          minmay_slime_entry_oklob_open
Swamp:1:  gammafunk_mikee_crab_dinner, layout_basic_swamp, basic_altar,
          uniq_josephine, uniq_louise, uniq_frances
Swamp:2:  cheibrodos_swamp_monstrosity, layout_basic_swamp, serial_swamp_ruin,
          hangedman_swamp_ruin_hall, evilmike_swamp_ruin_house_4
Swamp:3:  layout_basic_swamp, infiniplex_staircase_pool
Orc:1:    layout_caves, serial_shops, shop, uniq_jorgrun
Orc:2:    st_orc_ogre_mass, layout_caves

Skill      XL: |  1  2  3  4  5  6  7  8  9 10 11 12 13 14 15 16 17 |
---------------+----------------------------------------------------+-----
Axes           | 3 4 5 6 7 9 11 12 14 16 17 19 | 19.9
Dodging        | 2 4 5 |  5.4
Armour         | 3 4 5 6 7 8 9 10 12 13 | 13.2
Fighting       | 4 5 6 8 9 10 11 12 13 15 16 | 16.0
Shields        | 3 4 5 6 |  6.0
Evocations     | 2 3 5 6 7 8 9 10 | 10.0

Action                   |  1- 3 |  4- 6 |  7- 9 | 10-12 | 13-15 | 16-18 || total
-------------------------+-------+-------+-------+-------+-------+-------++-------
Melee: Hand axe          |   118 |    54 |       |       |       |       ||   172
       Whip              |       |    41 |     7 |       |       |       ||    48
       War axe           |       |    62 |   334 |   284 |   320 |       ||  1000
       Broad axe         |       |       |       |   597 |   380 |       ||   977
       Mace              |       |       |       |       |    18 |       ||    18
       Executioner's axe |       |       |       |       |   163 |   467 ||   630
Invok: Berserk           |       |     2 |     5 |    16 |    15 |    14 ||    52
       Trog's Hand       |       |       |       |     3 |     6 |     8 ||    17
       Brothers in Arms  |       |       |       |     2 |       |     1 ||     3
Evoke: Wand              |       |       |       |     5 |     2 |     2 ||     9
  Use: Scroll            |       |       |     8 |    15 |     7 |     3 ||    33
 Stab: Paralysed         |       |       |     1 |     2 |     3 |       ||     6
       Petrified         |       |       |       |       |       |     1 ||     1
Armor: Animal skin       |    52 |    33 |       |       |       |       ||    85
       Scale mail        |       |    27 |       |       |       |       ||    27
       Chain mail        |       |    22 |   166 |     2 |       |       ||   190
       Plate armour      |       |       |       |   449 |   434 |   540 ||  1423
Dodge: Dodged            |    94 |    99 |   121 |   174 |   182 |   174 ||   844
Block: Other             |       |       |    53 |       |    29 |   104 ||   186
       Buckler           |       |       |    37 |   354 |       |       ||   391
       Reflection        |       |       |     2 |    19 |    18 |     1 ||    40
       Kite shield       |       |       |       |   217 |   535 |       ||   752

Table legend: (Time is in decaauts)
 A = Elapsed time spent in this place.
 B = Non-inter-level travel time spent in this place.
 C = Inter-level travel time spent in this place.
 D = Time resting spent in this place.
 E = Time spent auto-exploring this place.
 F = Levels seen in this place.
 G = Mean time per level.
                   A        B        C        D        E       F      G
               +--------+--------+--------+--------+--------+-----+--------+
         Total |  25845 |  24674 |   1171 |   1331 |  17539 |  27 |  957.2 |
       Dungeon |  15301 |  14505 |    796 |    190 |  10790 |  15 | 1020.1 |
          Lair |   5449 |   5235 |    214 |    228 |   4010 |   6 |  908.2 |
         Swamp |   3221 |   3102 |    119 |    912 |   1447 |   3 | 1073.7 |
  Orcish Mines |   1230 |   1190 |     40 |      0 |    872 |   2 |  615.0 |
       Ossuary |    641 |    641 |      0 |      0 |    420 |   1 |  641.0 |
               +--------+--------+--------+--------+--------+-----+--------+

Top non-repeatable levels by time:
 Swamp:1: 2187 daAuts
    D:11: 1430 daAuts
     D:7: 1402 daAuts
     D:4: 1268 daAuts
     D:8: 1209 daAuts
    D:15: 1180 daAuts
     D:9: 1165 daAuts
  Lair:6: 1100 daAuts
     D:1: 1096 daAuts
    D:13: 1044 daAuts
    D:10: 996 daAuts
  Lair:5: 968 daAuts
     D:2: 958 daAuts
  Lair:2: 944 daAuts
 Swamp:2: 908 daAuts
